 Dungeon Crawl Stone Soup version 0.29.0-13-gc9e81de378 (webtiles) character file.

Game seed: 9707232426829817846

7695 leavemydog the Thaumaturge (level 11, -5/54 HPs)
             Began as a Deep Elf Conjurer on Sept 7, 2022.
             Was a Priest of Vehumet.
             Slain by a two-headed ogre
             ... wielding a +0 giant spiked club
              (26 damage)
             ... on level 10 of the Dungeon.
             The game lasted 00:21:21 (11360 turns).

leavemydog the Thaumaturge (Deep Elf Conjurer)     Turns: 11360, Time: 00:21:22

Health: -5/54      AC: 11    Str:  4    XL:     11   Next: 0%
Magic:  13/30      EV: 16    Int: 28    God:    Vehumet [***...]
Gold:   637        SH:  0    Dex: 13    Spells: 21/36 levels left

rFire   . . .      SeeInvis .   o - +2 short sword (elec)
rCold   . . .      Faith    .   (no shield)
rNeg    . . .      Spirit   .   a - +0 robe
rPois   .          Reflect  .   (no helmet)
rElec   .          Harm     .   G - +0 cloak
rCorr   .          Rampage  .   w - +0 pair of gloves
Will    +....                   p - +2 pair of boots
Stlth   ++........              (no amulet)
HPRegen 0.18/turn               g - +4 ring of protection
MPRegen 0.22/turn               A - +4 ring of evasion

@: no status effects
A: no striking features
a: Renounce Religion


You were on level 10 of the Dungeon.
You worshipped Vehumet.
Vehumet was most pleased with you.
You visited 2 branches of the dungeon, and saw 11 of its levels.

You collected 637 gold pieces.

Inventory:

Hand Weapons
 o - a +2 short sword of electrocution (weapon)
Missiles
 r - 8 javelins
 J - a throwing net
Armour
 a - a +0 robe (worn)
 p - a +2 pair of boots (worn)
 w - a +0 pair of gloves (worn)
 G - a +0 cloak (worn)
Jewellery
 g - a +4 ring of protection (left hand)
 A - a +4 ring of evasion (right hand)
Wands
 c - a wand of charming (14)
 B - a wand of digging (7)
 C - a wand of roots (25)
 H - a wand of mindburst (11)
 I - a wand of flame (25)
Scrolls
 e - 2 scrolls of magic mapping {unknown}
 h - a scroll of silence
 l - 9 scrolls of teleportation
 q - 2 scrolls of noise {unknown}
 s - 5 scrolls of fear {unknown}
 u - a scroll of enchant weapon {unknown}
 v - a scroll of summoning {unknown}
 x - a scroll of acquirement {unknown}
 y - 2 scrolls of vulnerability {unknown}
 D - a scroll of amnesia {unknown}
 E - a scroll of butterflies {unknown}
 F - a scroll of poison {unknown}
 K - a scroll of immolation
Potions
 b - 2 potions of magic
 d - 3 potions of heal wounds
 f - 3 potions of resistance
 i - 2 potions of flight
 j - a potion of invisibility
 k - 10 potions of curing
 m - a potion of degeneration {unknown}
 n - a potion of might
 t - 2 potions of haste {unknown}
 z - 3 potions of attraction


   Skills:
 - Level 2.4 Dodging
 - Level 2.4 Stealth
 + Level 13.1 Spellcasting
 + Level 11.9 Conjurations
 * Level 8.3 Hexes
 * Level 7.4 Translocations


You had 21 spell levels left.
You knew the following spells:

 Your Spells              Type           Power      Damage    Failure   Level
a - Magic Dart            Conj           100%       1d8       0%          1
b - Searing Ray           Conj           100%       2d8       1%          2
c - Iskenderun's Mystic   Conj/Tloc      64%        2d13      1%          4
d - Fulminant Prism       Conj/Hex       33%        3d16      1%          4
e - Dazzling Flash        Conj/Hex       100%       N/A       1%          3
f - Shock                 Conj/Air       100%       1d9       1%          1

Your spell library contained the following spells:

 Spells                   Type           Power      Damage    Failure   Level
 Inner Flame              Hex/Fire       41%        N/A       1%          3
 Scorch                   Fire           36%        2d7       1%          2
 Flame Wave               Conj/Fire      51%        2d13      1%          4
 Beastly Appendage        Tmut           36%        N/A       3%          1
 Necrotise                Necr           72%        1d7       3%          1
 Wereblood                Tmut           18%        N/A       4%          2
 Spider Form              Tmut/Pois      18%        N/A       9%          3
 Vampiric Draining        Necr           18%        2d7       9%          3
 Corpse Rot               Necr/Pois/Air  18%        N/A       28%         4
 Dispel Undead            Necr           18%        3d11      28%         4
 Agony                    Necr           18%        N/A       63%         5
 Death Channel            Necr           9%         N/A       99%         6
 Summon Cactus Giant      Summ           9%         N/A       99%         6


Dungeon Overview and Level Annotations

Branches:
Dungeon (10/15)            Temple (1/1) D:5
   Lair: D:8-11         Orc: D:9-12

Altars:
Ashenzari
Cheibriados
Dithmenos
Elyvilon
Fedhas
Gozag
Hepliaklqana
Kikubaaqudgha
Makhleb
Nemelex Xobeh
Okawaru
Qazlal
Sif Muna
Trog
Uskayaw
Vehumet
Wu Jian
Xom
Yredelemnul
Zin
The Shining One
Jiyva

Annotations:
D:8 3 runed translucent doors, emikaela's ghost, novice MeHW


Message History

Vehumet accepts your kill.
You feel your power returning.
The searing ray hits the plant!
The plant is lightly damaged.
The searing ray hits the gnoll!
The gnoll is severely wounded.
You finish channelling your searing ray.
The gnoll shouts!
You hear a bellow!
A nearby plant withers and dies.
Casting: Searing Ray (safe; 1% risk of failure)
Confirm with . or Enter, or press ? or * to list all spells.
Aiming: Fulminant Prism (safe; 1% risk of failure)
Press: ? - help, Dir - move target You conjure a prism of explosive energy!
A fulminant prism comes into view.
A nearby plant withers and dies.
Your fulminant prism crackles loudly.
Your fulminant prism explodes!
The blast of energy engulfs the gnoll!
You kill the gnoll!
Vehumet accepts your kill.
You feel your power returning. Vehumet accepts your kill.
You feel your power returning.
You feel a bit more experienced.
The blast of energy engulfs the two-headed ogre!!
The two-headed ogre is heavily wounded.
You hear a bellow!
You have reached level 11!
Casting: Fulminant Prism (safe; 1% risk of failure)
Confirm with . or Enter, or press ? or * to list all spells.
Aiming: Searing Ray (safe; 1% risk of failure)
Press: ? - help, Shift-Dir - straight line, f - two-headed ogre
Aim: a two-headed ogre, wielding a +0 giant spiked club and a +0 giant club (heavily wounded, 92% to hit)
The searing ray hits the two-headed ogre!
The two-headed ogre is heavily wounded. (Press . to maintain the ray.)
The searing ray hits the two-headed ogre.
The two-headed ogre is heavily wounded.
The two-headed ogre hits you with a +0 giant spiked club!!
The two-headed ogre hits you with a +0 giant club!!
You die...

........P....P....
..................
.................
P................
....P...........#
..P....)........#
#...g)..........#
########O.......#
#.@.....[#
#######.....÷.>#######
..............÷......#
###.#####............#
#..[....[....#
#....[.......#
#.....÷[.[...#
#.......÷....#
#.....÷.)÷...#


You could see a two-headed ogre.

Vanquished Creatures
  Joseph (D:7)
  A shadow (D:9)
  2 wyverns
  18 yaks
  An acid dragon (D:9)
  2 water moccasins
  Duvessa (D:7)
  5 orc warriors
  5 black bears
  An ice beast (D:5)
  An ogre (D:3)
  3 centaurs
  8 bullfrogs
  7 scorpions
  3 gnoll sergeants
  3 wights (D:8)
  Dowan (D:7)
  A howler monkey (D:6)
  3 electric eels (D:3)
  5 hounds
  A jelly (D:6)
  7 orc priests
  2 iguanas
  14 orc wizards
  Robin (D:3)
  13 gnolls
  7 adders
  2 shadow imps (D:4)
  A white imp (D:3)
  An ufetubus (D:5)
  3 dart slugs
  5 worms
  38 orcs
  12 endoplasms
  4 giant cockroaches
  14 goblins
  11 hobgoblins
  12 jackals
  A quokka (D:4)
  6 ball pythons
  6 bats
  5 frilled lizards
  8 kobolds
  2 rats (D:1)
  A spectral orc (D:8)
249 creatures vanquished.

Vanquished Creatures (others)
  22 fulminant prisms
  52 fungi (D:10)
  37 plants (D:10)
111 creatures vanquished.

Grand Total: 360 creatures vanquished

Notes
Turn   | Place    | Note
-------+----------+-------------------------------------------
     0 | D:1      | leavemydog the Deep Elf Conjurer began the quest for the
                  | Orb.
     0 | D:1      | Reached XP level 1. HP: 10/10 MP: 6/6
   152 | D:1      | Found a faded altar of an unknown god.
   381 | D:1      | Reached XP level 2. HP: 15/15 MP: 6/8
   384 | D:1      | Learned a level 2 spell: Searing Ray
   922 | D:1      | Reached skill level 5 in Conjurations
  1478 | D:2      | Reached XP level 3. HP: 19/19 MP: 7/9
  1966 | D:3      | Noticed an ogre
  1972 | D:3      | Killed an ogre
  1973 | D:3      | Reached skill level 4 in Spellcasting
  1973 | D:3      | Reached XP level 4. HP: 24/24 MP: 3/12
  1973 | D:3      | Reached XP level 5. HP: 28/28 MP: 3/13
  1978 | D:3      | Learned a level 4 spell: Iskenderun's Mystic Blast
  2175 | D:3      | Noticed Robin
  2187 | D:3      | Killed Robin
  2508 | D:3      | Reached skill level 5 in Spellcasting
  2508 | D:3      | Reached skill level 1 in Translocations
  2770 | D:3      | Found a transporter.
  2774 | D:3      | Found a transporter.
  2856 | D:3      | Found a blossoming altar of Fedhas.
  3274 | D:4      | Reached XP level 6. HP: 32/32 MP: 12/16
  3324 | D:4      | Learned a level 4 spell: Fulminant Prism
  3328 | D:4      | Learned a level 3 spell: Dazzling Flash
  3408 | D:4      | Found a transporter.
  3439 | D:4      | Found a transporter.
  3598 | D:4      | Found a shimmering altar of Xom.
  3806 | D:4      | Found a bloodstained altar of Trog.
  3886 | D:4      | Found a glowing golden altar of the Shining One.
  3892 | D:4      | Found a glowing silver altar of Zin.
  4067 | D:5      | Entered Level 5 of the Dungeon
  4081 | D:5      | Noticed an ice beast
  4087 | D:5      | Killed an ice beast
  4088 | D:5      | Reached skill level 6 in Spellcasting
  4088 | D:5      | Reached skill level 1 in Hexes
  4241 | D:5      | Reached XP level 7. HP: 36/36 MP: 11/18
  4607 | D:5      | Found a staircase to the Ecumenical Temple.
  4621 | D:5      | Reached skill level 7 in Spellcasting
  4622 | Temple   | Entered the Ecumenical Temple
  4702 | Temple   | Became a worshipper of Vehumet
  5437 | D:6      | Reached XP level 8. HP: 40/41 MP: 10/21
  5894 | D:6      | Reached skill level 8 in Spellcasting
  6001 | D:6      | Found a broken altar of Ashenzari.
  6323 | D:7      | Noticed Duvessa
  6330 | D:7      | Killed Duvessa
  6332 | D:7      | Noticed Dowan
  6340 | D:7      | Killed Dowan
  6625 | D:6      | Reached skill level 9 in Spellcasting
  6903 | D:6      | Found a sparkling altar of Nemelex Xobeh.
  6904 | D:6      | Found a hide-covered altar of Uskayaw.
  7013 | D:7      | Reached skill level 5 in Hexes
  7013 | D:7      | Reached XP level 9. HP: 45/45 MP: 14/24
  7013 | D:7      | Reached * piety under Vehumet
  7013 | D:7      | Offered knowledge of Shock by Vehumet.
  7016 | D:7      | Learned a level 1 spell: Shock
  7122 | D:7      | Reached skill level 10 in Spellcasting
  7293 | D:7      | Noticed Joseph
  7307 | D:7      | Killed Joseph
  7308 | D:7      | Reached skill level 5 in Translocations
  7311 | D:7      | Reached skill level 10 in Conjurations
  8196 | D:8      | Found a runed translucent gate.
  8196 | D:8      | Found a runed translucent gate.
  8197 | D:8      | Found a runed translucent gate.
  8197 | D:8      | Noticed emikaela's ghost (novice MeHW)
  8237 | D:8      | Found a basalt altar of Yredelemnul.
  8271 | D:8      | Reached skill level 11 in Spellcasting
  8568 | D:8      | Found an ancient bone altar of Kikubaaqudgha.
  8834 | D:8      | Found a viscous altar of Jiyva.
  9002 | D:3      | Reached XP level 10. HP: 43/50 MP: 22/27
  9170 | D:4      | Reached ** piety under Vehumet
  9170 | D:4      | Offered knowledge of Freeze by Vehumet.
 10463 | D:9      | Reached skill level 12 in Spellcasting
 10702 | D:9      | Found a hazy altar of Hepliaklqana.
 10837 | D:10     | Entered Level 10 of the Dungeon
 10864 | D:10     | Offered knowledge of Inner Flame by Vehumet.
 11051 | D:10     | Reached *** piety under Vehumet
 11060 | D:10     | Reached skill level 13 in Spellcasting
 11351 | D:10     | Noticed a two-headed ogre
 11359 | D:10     | Reached XP level 11. HP: 43/54 MP: 16/30
 11360 | D:10     | Slain by a two-headed ogre

Illustrated notes

Levels and vault maps discovered:
D:1:      nicolae_arrival_somewhat_less_tricky_arrival, layout_basic,
          ebering_ecumenical_altar_abandoned
D:2:      layout_rooms
D:3:      gammafunk_steamed_eel, layout_basic, fedhas_altar_1, uniq_robin
D:4:      gammafunk_wand_slinger, layout_loops_cross, zin_treasury,
          trog_three_pillars_becter, lemuel_doored_altar, tso_metal_star,
          st_stairs_8
D:5:      layout_loops_ring, minmay_temple_entry_glass
D:6:      layout_basic, nicolae_ashenzari_skybound,
          gammafunk_temple_overflow_pools
D:7:      layout_basic, uniq_joseph, uniq_duvessa
D:8:      layout_rooms, mainiacjoe_overflow_small_starburst,
          yredelemnul_forgotten_temple_becter, gammafunk_ghost_ooze,
          sigmund_army
D:9:      layout_stronghold, kennysheep_little_box
D:10:     layout_small_grid, lemuel_crystal_altar, due_lair_maze_entry_diamond,
          chequers_serial_rivers_room_a
Temple:   jpeg_temple_alley_garden

Skill      XL: |  1  2  3  4  5  6  7  8  9 10 |
---------------+-------------------------------+-----
Conjurations   | 5 6 7 8 9 10 11 | 11.9
Spellcasting   | 4 5 6 7 9 11 13 | 13.1
Translocations | 1 2 3 4 6 7 |  7.4
Hexes          | 1 3 5 6 8 |  8.3
Dodging        | |  2.4
Stealth        | |  2.4

Action                   |  1- 3 |  4- 6 |  7- 9 | 10-12 || total
-------------------------+-------+-------+-------+-------++-------
Melee: Short sword       |       |     3 |       |       ||     3
 Cast: Magic Dart        |    76 |   108 |   161 |   100 ||   445
       Searing Ray       |     4 |    10 |    32 |    25 ||    71
       Dazzling Flash    |       |       |     1 |       ||     1
       Fulminant Prism   |       |       |    12 |    10 ||    22
       Iskenderun's Myst |       |       |     5 |    10 ||    15
  Use: Scroll            |     6 |     1 |     3 |     2 ||    12
       Potion            |       |       |     1 |       ||     1
Armor: Robe              |       |    10 |    24 |    11 ||    45
Dodge: Dodged            |     3 |     9 |    57 |    47 ||   116
